 Dungeon Crawl Stone Soup version 0.19-a0-1365-gb34f4cb (webtiles) character file.

3364 esc the Archer (level 9, 26/81 HPs)
             Began as a Centaur Hunter on Sept 2, 2016.
             Was a Follower of Ashenzari.
             Quit the game on level 1 of the Lair of Beasts.
             The game lasted 00:38:22 (11846 turns).

esc the Archer (Centaur Hunter)                    Turns: 11846, Time: 00:38:22

Health: 26/81      AC:  5    Str: 16    XL:     9   Next: 73%
Magic:  9/9        EV: 11    Int: 10    God:    Ashenzari [*.....]
Gold:   415        SH:  0    Dex: 12    Spells: 0 memorised, 8 levels left

rFire  . . .     SeeInvis .     b - +0 short sword (drain)
rCold  . . .     Gourm    .     c - +0 leather armour (curse)
rNeg   . . .     Faith    .     (no shield)
rPois  .         Spirit   .     (no helmet)
rElec  .         Dismiss  .     r - +0 cloak (curse)
rCorr  .         Reflect  .     (no gloves)
MR     .....     Harm     .     (no barding)
Stlth  +.........               (no amulet)
                                (no ring)
                                y - ring of flight {+Fly, !d}

@: very quick
A: hooves 3, deformed body, speed 2, mutation resistance 1, tough skin 3
a: Curse Item, Scrying, Renounce Religion, Evoke Flight


You were on level 1 of the Lair of Beasts.
You worshipped Ashenzari.
Ashenzari was aware of your devotion.
You were hungry.

You visited 2 branches of the dungeon, and saw 11 of its levels.

You collected 415 gold pieces.

Inventory:

Hand Weapons
 a - a +2 shortbow
 b - a +0 short sword of draining (weapon)
   (You took it off an orc on level 3 of the Dungeon)
 m - a +1 broad axe of flaming
   (You found it on level 9 of the Dungeon)
Missiles
 g - 5 tomahawks
 j - 209 stones (quivered)
 s - 14 poisoned needles
 t - 3 steel tomahawks
 u - 8 arrows
 x - 4 needles of paralysis
 G - 6 javelins of returning
 H - 2 throwing nets {=f, !d}
Armour
 c - a cursed +0 leather armour (worn)
 r - a cursed +0 cloak (worn)
   (You found it on level 3 of the Dungeon)
 I - a steam dragon hide {rSteam}
   (You found it on level 9 of the Dungeon)
Jewellery
 y - a ring of flight (left hand) {+Fly, !d}
   (You found it on level 4 of the Dungeon)
Wands
 d - a wand of slowing (7/48)
   (You found it on level 6 of the Dungeon)
 k - a wand of iceblast (9/15)
   (You found it on level 9 of the Dungeon)
 q - a wand of random effects (33/48)
   (You took it off an orc warrior on level 7 of the Dungeon)
 B - a wand of confusion (34/48)
   (You found it on level 5 of the Dungeon)
 C - a wand of acid (10/15)
   (You found it on level 5 of the Dungeon)
Scrolls
 e - 3 scrolls of enchant armour
 l - 3 scrolls of remove curse
 E - a scroll of magic mapping {!r}
 F - a scroll of amnesia
Potions
 n - 4 potions of magic {unknown}
 o - 2 potions of mutation {unknown}
 p - 3 potions of haste {unknown}
 w - 2 potions of cancellation
 z - a potion of might
 A - 2 potions of agility {unknown}
 D - a potion of flight
Books
 v - a book of the Sky
   (You found it on level 1 of the Lair of Beasts)
Comestibles
 f - 5 bread rations {@e1}
 h - 3 meat rations {@e2}
 i - 7 royal jellies


   Skills:
 + Level 8.2 Fighting
 - Level 6.1 Short Blades
 + Level 11.2 Bows
 - Level 3.8 Dodging
 - Level 0.5 Stealth


You had 8 spell levels left.
You didn't know any spells.

Dungeon Overview and Level Annotations

Branches:
Dungeon (10/15)            Temple (0/1) D:4            Lair (1/6) D:9
    Orc: D:9-12

Altars:
Ashenzari
Dithmenos
Gozag
Hepliaklqana
Nemelex Xobeh
Okawaru
Qazlal
Uskayaw
Yredelemnul

Shops:
D:5 }   D:8 *   D:9 %

Annotations:
D:3 esc's ghost, weakling CeHu
D:4 Amnesiac's ghost, amateur DENe; Edmund
D:6 Pikel
D:8 Grum
Lair:1 Harold


Innate Abilities, Weirdness & Mutations

You have hooves in place of feet.
Armour fits poorly on your strangely shaped body.
You cover ground very quickly.
You have extremely tough skin. (AC +3)
You are somewhat resistant to further mutation.


Message History

You regained 2 hp, and now have 45/81 hp.
There is a stone staircase leading down here.
You climb downwards.
The yak bellows!
There is a stone staircase leading up here.
You climb upwards.
There is a stone staircase leading down here.
An orc and an orc priest come into view.
The orc priest shouts!
An orc and an orc priest come into view.
The orc shouts!
An orc comes into view. It is wielding a hand axe of flaming.
As you read the scroll of teleportation, it crumbles to dust.
You feel strangely unstable.
The orc shouts!
The elephant tramples you!
You hold your ground!
The elephant trunk-slaps you.
You take 9 damage, and have 41/81 hp.
Your surroundings suddenly seem different.
There is a stone staircase leading down here.
You climb downwards.
An ice beast comes into view.
Found an uncursed long sword and a hardcover book.
Found a stone staircase leading down.
There is a stone staircase leading up here.
You climb upwards.
There is a stone staircase leading down here.
You start resting.
Some of the chunks of flesh in your inventory have rotted away. x2
Health restored: 81 Unknown command.
A hound zombie comes into view.
You hit the hound zombie. You kick the hound zombie.
The hound zombie bites you but does no damage.
The hound zombie bites you.
You take 3 damage, and have 78/81 hp.
You hit the hound zombie. You kick the hound zombie.
The hound zombie closely misses you.
You hit the hound zombie. You kick the hound zombie.
The hound zombie bites you.
You take 1 damage, and have 77/81 hp.
You hit the hound zombie. Your kick misses the hound zombie.
The hound zombie bites you.
You take 2 damage, and have 75/81 hp.
You hit the hound zombie.
The hound zombie bites you but does no damage.
You barely miss the hound zombie. You kick the hound zombie.
The hound zombie bites you but does no damage.
You puncture the hound zombie!
You destroy the hound zombie!
No target in view!
All of the chunks of flesh in your inventory have rotted away.
There is a staircase to the Lair here.
The orc shouts!
You climb downwards.
Welcome to the Lair of Beasts!
There is a staircase back to the Dungeon here.
You start resting.
You are feeling hungry.
You regained 3 hp, and now have 80/81 hp.
a - a +2 shortbow (weapon)
You sense an unholy aura.
b - a +0 short sword of draining (weapon)
v - a book of the Sky Health restored: 81 Harold the Weathered comes into view.
He is wielding a glaive.
Harold shouts!
Aim: Harold, wielding a glaive and wearing a ring mail (chance to defeat MR: 19%) Harold resists with almost no effort.
Evoking this partially-identified wand wasted a few charges.
Harold throws a throwing net.
The throwing net barely misses you.
H - a throwing net {=f, !d} Harold throws a throwing net.
The throwing net misses you.
H - 2 throwing nets {=f, !d} (gained 1) Harold throws a throwing net.
The throwing net hits you.
You become entangled in the net!
You tear a large gash into the net.
You struggle against the net.
You struggle against the net.
You shred the net and break free!
Aim: Harold, wielding a glaive and wearing a ring mail (chance to defeat MR: 19%) Harold resists with almost no effort.
Evoking this partially-identified wand wasted a few charges.
Harold points at you and mumbles some strange words.
The bolt of fire hits you!
You take 15 damage, and have 66/81 hp.
Harold casts a spell at you. The bolt of fire misses you.
Aim: Harold, wielding a glaive and wearing a ring mail (chance to defeat MR: 19%) Harold resists with almost no effort.
Evoking this partially-identified wand wasted a few charges.
Harold casts a spell at you. The bolt of fire hits you!
You take 21 damage, and have 46/81 hp.
MASSIVE DAMAGE!! 2 spiny frogs come into view.
The spiny frog croaks. x2; You hear a howl! x2
A wolf comes into view.
The spiny frog stings you!!
You hear a howl!
You take 21 damage, and have 26/81 hp.
MASSIVE DAMAGE!!

P.#...#.#...#........#
#....##...#@+........#
#.........##.....<...#
#..##..####.####.#+.#
#..# #..# ### #
#...@....###.##
#........###..###
#........+......#
#.........#...#@#
#........###..#F..h..#
#........# #..#F###..#
#........# #....# # #
#..#.. #..### P...


You could see 2 spiny frogs and a wolf.

Vanquished Creatures
  2 hippogriffs
  A steam dragon (D:9)
  2 orc warriors (D:7)
  A phantom (D:6)
  2 slaves
  2 sky beasts
  3 wolves
  2 ogres
  A centaur (D:7)
  A crocodile (D:9)
  3 wyvern skeletons
  A scorpion (D:6)
  12 killer bees
  3 wights (D:6)
  A centaur zombie (D:7)
  4 crimson imps
  A jelly (D:6)
  An orc priest (D:5)
  4 hounds
  9 orc wizards
  An iguana (D:9)
  6 worker ants
  A hound zombie (D:9)
  A hound skeleton (D:7)
  2 howler monkey skeletons
  3 gnolls (D:7)
  8 adders
  A shadow imp (D:8)
  An adder skeleton (D:6)
  2 worms
  3 dart slugs
  4 giant geckos
  35 orcs
  16 giant cockroaches
  9 goblins
  3 hobgoblins
  15 jackals
  6 kobolds
  8 quokkas
  2 ball pythons
  5 bats
  A giant gecko skeleton (D:7)
  4 giant newts
  A jackal skeleton (D:4)
  4 rats
198 creatures vanquished.

Notes
Turn   | Place    | Note
-------+----------+-------------------------------------------
     0 | D:1      | esc the Centaur Hunter began the quest for the Orb.
     0 | D:1      | Reached XP level 1. HP: 17/17 MP: 1/1
   305 | D:1      | Reached XP level 2. HP: 17/25 MP: 2/2
   741 | D:1      | Reached XP level 3. HP: 26/30 MP: 3/3
  1348 | D:2      | Reached skill level 2 in Dodging
  1451 | D:2      | Reached skill level 3 in Fighting
  1478 | D:2      | Reached skill level 6 in Bows
  1482 | D:2      | Reached XP level 4. HP: 37/38 MP: 4/4
  1602 | D:2      | Found a shattered altar of Ashenzari.
  1620 | D:2      | Became a worshipper of Ashenzari the Shackled
  2116 | D:3      | Found a hazy altar of Hepliaklqana.
  2369 | D:3      | Noticed esc's ghost (weakling CeHu)
  2642 | D:3      | Reached XP level 5. HP: 45/45 MP: 5/5
  2783 | D:4      | Found a hide-covered altar of Uskayaw.
  2863 | D:4      | Found a basalt altar of Yredelemnul.
  3279 | D:4      | Noticed Amnesiac's ghost (amateur DENe)
  3441 | D:4      | Found a staircase to the Ecumenical Temple.
  3446 | D:4      | Found a stormy altar of Qazlal.
  3515 | D:4      | Reached skill level 4 in Fighting
  3545 | D:4      | Reached XP level 6. HP: 47/52 MP: 6/6
  3585 | D:4      | Reached skill level 3 in Dodging
  3589 | D:4      | Noticed Edmund
  3635 | D:5      | Entered Level 5 of the Dungeon
  3639 | D:5      | Reached skill level 7 in Bows
  3749 | D:5      | Reached * piety under Ashenzari
  4438 | D:5      | Found Hetanyny's Quality Used Wands.
  4860 | D:6      | Reached XP level 7. HP: 60/60 MP: 7/7
  4982 | D:6      | Reached skill level 5 in Fighting
  4985 | D:6      | Reached skill level 8 in Bows
  5511 | D:7      | Noticed Pikel
  5847 | D:7      | Reached skill level 1 in Short Blades
  5913 | D:7      | Reached skill level 2 in Short Blades
  6147 | D:7      | Reached skill level 3 in Short Blades
  6200 | D:7      | Found a shadowy altar of Dithmenos.
  6213 | D:7      | Reached XP level 8. HP: 68/68 MP: 8/8
  6290 | D:7      | Reached skill level 4 in Short Blades
  6630 | D:7      | Found an iron altar of Okawaru.
  6664 | D:7      | HP: 8/68 [centaur/arrow (13)]
  6718 | D:7      | Reached skill level 5 in Short Blades
  7197 | D:8      | Noticed a queen bee
  7643 | D:7      | Reached skill level 6 in Short Blades
  8455 | D:7      | Reached skill level 6 in Fighting
  8605 | D:8      | Reached skill level 9 in Bows
  8609 | D:8      | Reached XP level 9. HP: 50/75 MP: 9/9
  8619 | D:7      | HP: 25/112 [killer bee (5)]
  8624 | D:7      | HP: 17/112 [poisoned by a killer bee]
  8629 | D:7      | HP: 14/115 [poisoned by a killer bee]
  8634 | D:7      | HP: 13/115 [poisoned by a killer bee]
  8641 | D:7      | HP: 6/77 [poisoned by a killer bee]
  8648 | D:7      | HP: 6/77 [poisoned by a killer bee]
  8656 | D:7      | HP: 6/77 [poisoned by a killer bee]
  9061 | D:7      | HP: 17/78 [worker ant (3)]
  9068 | D:7      | HP: 13/78 [poisoned by a worker ant]
  9075 | D:7      | HP: 12/78 [poisoned by a worker ant]
  9080 | D:7      | HP: 12/78 [poisoned by a worker ant]
  9088 | D:7      | HP: 12/78 [poisoned by a worker ant]
  9773 | D:8      | HP: 27/117 [wolf[Grum] (5)]
 10035 | D:8      | Reached skill level 7 in Fighting
 10035 | D:8      | Reached skill level 10 in Bows
 10128 | D:8      | Noticed Grum
 10639 | D:8      | Found Zuuvyigg's Assorted Antiques.
 10789 | D:9      | Gained mutation: You are somewhat resistant to further mutation. [potion of beneficial mutation]
 11130 | D:9      | Noticed a manticore
 11150 | D:10     | Entered Level 10 of the Dungeon
 11168 | D:9      | Found Meegaiveyll's Food Emporium.
 11189 | D:9      | Found a sparkling altar of Nemelex Xobeh.
 11190 | D:9      | Found an opulent altar of Gozag.
 11382 | D:9      | Found a staircase to the Lair.
 11382 | D:9      | Noticed an elephant
 11392 | D:9      | Reached skill level 8 in Fighting
 11392 | D:9      | Reached skill level 11 in Bows
 11500 | D:9      | Noticed a manticore
 11788 | Lair:1   | Entered Level 1 of the Lair of Beasts
 11823 | Lair:1   | Noticed Harold
 11844 | Lair:1   | Noticed a spiny frog
 11844 | Lair:1   | Noticed a spiny frog
 11846 | Lair:1   | Quit the game

Vault maps used:
D:1:      eino_arrival_water_star
D:2:      minmay_roachtagon, ashenzari_altar_1
D:3:      minmay_overflow_temple_star_quad, old_standard_altar, first_bread
D:4:      eat_drink_and_be_merry_uskayaw, nicolae_qazlal_eye_of_the_storm,
          yredelemnul_altar_generic, uniq_edmund
D:5:      nicolae_for_you_no_charge
D:7:      basic_altar, kennysheep_okawaru_gauntlet, uniq_pikel
D:8:      overflow_temple_1_default, serial_shops, shop,
          nicolae_shop_temple_entry_statues_fountains, david_nohive_1, uniq_grum
D:9:      statuecave_lemuel, grunt_temple_overflow_opulence, david_lair_generic,
          serial_shops, shop, lightli_corner_chamber
D:10:     due_unseen_surprise
Lair:1:   beast_lair_carwin_5, uniq_fannar, uniq_nergalle, uniq_harold

Skill      XL: |  1  2  3  4  5  6  7  8  9 |
---------------+----------------------------+-----
Dodging        | 2 3 |  3.8
Fighting       | 3 4 5 6 8 |  8.2
Bows           | 6 7 8 9 11 | 11.2
Short Blades   | 3 6 |  6.1
Stealth        | |  0.5

Action                   |  1- 3 |  4- 6 |  7- 9 || total
-------------------------+-------+-------+-------++-------
Melee: Short sword       |    33 |    62 |   404 ||   499
       Kick              |     9 |    14 |   105 ||   128
 Fire: Shortbow          |   100 |   218 |   207 ||   525
Throw: Tomahawk          |       |     2 |       ||     2
       Stone             |       |       |     3 ||     3
Invok: Curse Item        |       |     1 |     1 ||     2
 Abil: Evoke Flight      |       |       |     1 ||     1
Evoke: Wand              |       |       |     7 ||     7
  Use: Scroll            |     5 |     7 |     4 ||    16
       Potion            |       |       |    12 ||    12
  Eat: Chunk             |       |     9 |     3 ||    12
       Beef jerky        |       |       |     3 ||     3
       Pizza             |       |       |     2 ||     2
       Royal jelly       |       |       |     1 ||     1
       Fruit             |       |       |     8 ||     8
Armor: Leather armour    |    36 |    36 |   132 ||   204
       Skin              |       |       |    20 ||    20
Dodge: Dodged            |    23 |    69 |   206 ||   298

Vault maps used:
D:1:      eino_arrival_water_star
D:2:      minmay_roachtagon, ashenzari_altar_1
D:3:      minmay_overflow_temple_star_quad, old_standard_altar, first_bread
D:4:      eat_drink_and_be_merry_uskayaw, nicolae_qazlal_eye_of_the_storm,
          yredelemnul_altar_generic, uniq_edmund
D:5:      nicolae_for_you_no_charge
D:7:      basic_altar, kennysheep_okawaru_gauntlet, uniq_pikel
D:8:      overflow_temple_1_default, serial_shops, shop,
          nicolae_shop_temple_entry_statues_fountains, david_nohive_1, uniq_grum
D:9:      statuecave_lemuel, grunt_temple_overflow_opulence, david_lair_generic,
          serial_shops, shop, lightli_corner_chamber
D:10:     due_unseen_surprise
Lair:1:   beast_lair_carwin_5, uniq_fannar, uniq_nergalle, uniq_harold

Table legend:
 A = Turns spent in this place as a percentage of turns spent in the entire game.
 B = Non-inter-level travel turns spent in this place as a percentage of non-inter-level travel turns spent in the entire game.
 C = Inter-level travel turns spent in this place as a percentage of turns spent in this place.
 D = Turns resting spent in this place as a percentage of non-inter-level travel turns spent in this place.
 E = Turns spent auto-exploring this place as a percentage of non-inter-level travel turns spent in this place.
 F = Non-inter-level travel turns spent in this place divided by the number of levels of this place that you've seen.
                   A       B       C       D       E      F
               +-------+-------+-------+-------+-------+----------------------
         Total | 100.0 | 100.0 |   0.6 |   3.6 |   6.3 | 292.5
       Dungeon |  99.1 |  99.1 |   0.6 |   3.6 |   6.3 | 318.9
          Lair |   0.9 |   0.9 |   0.0 |   7.1 |   7.1 |  28.0
               +-------+-------+-------+-------+-------+----------------------

Table legend:
 A = Kills in this place as a percentage of kills in entire the game.
 B = Kills by you in this place as a percentage of kills by you in the entire game.
 C = Kills by friends in this place as a percentage of kills by friends in the entire game.
 D = Other kills in this place as a percentage of other kills in the entire game.
 E = Experience gained in this place as a percentage of experience gained in the entire game.
 F = Experience gained in this place divided by the number of levels of this place that you have seen.
                   A       B       C       D       E      F
               +-------+-------+-------+-------+-------+----------------------
         Total | 100.0 | 100.0 |  -nan |  -nan | 100.0 | 437.0
       Dungeon | 100.0 | 100.0 |  -nan |  -nan | 100.0 | 480.7
               +-------+-------+-------+-------+-------+----------------------
